| TOP OF THE 1ST |
|
Columbus Jets batting - Pitching for Columbus Clippers : LHP Brooks Carey
|
|
Pitching: LHP Brooks Carey
|
|
|
Batting: LHB Craig Brooks
|
0-0: SINGLE (Groundball, 56, EV 106.3 MPH)
|
|
Batting: RHB Greg Schultz
|
0-0: Foul Ball, location: 2F 0-1: Grounds into double play, 5-4-3 (Groundball, 56S, EV 86.9 MPH)
|
|
Batting: RHB Danny Tartabull
|
0-0: SOLO HOME RUN (Flyball, 78XD, EV 105.0 MPH), Distance : 417 ft
|
|
Batting: LHB Larry Sheets
|
0-0: Ground out 6-3 (Groundball, 6, EV 105.0 MPH)
|
| Top of the 1st over - 1 run, 2 hits, 0 errors, 0 left on base; Columbus 1 - Columbus 0 |
| BOTTOM OF THE 1ST |
|
Columbus Clippers batting - Pitching for Columbus Jets : RHP Moose Haas
|
|
Pitching: RHP Moose Haas
|
|
|
Batting: SHB Curt Wilkerson
|
0-0: Ground out 4-3 (Groundball, 34, EV 88.8 MPH)
|
|
Batting: LHB Elijah Bonaparte
|
0-0: Ball 1-0: Ground out 4-3 (Groundball, 4, EV 103.8 MPH)
|
|
Batting: LHB Barry Butera
|
0-0: Ball 1-0: Ball 2-0: Called Strike 2-1: Swinging Strike 2-2: Ball 3-2: Ground out 6-3 (Groundball, 6M, EV 86.3 MPH)
|
| Bottom of the 1st over - 0 runs, 0 hits, 0 errors, 0 left on base; Columbus 1 - Columbus 0 |
| TOP OF THE 2ND |
|
Columbus Jets batting - Pitching for Columbus Clippers : LHP Brooks Carey
|
|
Batting: RHB Jim Maler
|
0-0: Ball 1-0: Reached on error, E6 (Groundball, 6, EV 101.3 MPH)
|
|
Batting: RHB Michael Ventress
|
0-0: Ball 1-0: Ball 2-0: Ground out 6-3 (Groundball, 6, EV 104.4 MPH)
|
|
Batting: RHB Jorge Martinez
|
0-0: Ball 1-0: Foul Ball, location: 2F 1-1: Foul Ball, location: 2F 1-2: Ground out 4-3 (Groundball, 4M, EV 92.5 MPH) Jim Maler to third
|
|
Batting: RHB Dave Bialas
|
0-0: Ball 1-0: Called Strike 1-1: SINGLE (Line Drive, 34D, EV 104.4 MPH) Jim Maler scores
|
|
Batting: RHB Jackie Gutierrez
|
0-0: Called Strike Dave Bialas steals 2nd base (no throw) 0-1: Ball 1-1: Swinging Strike 1-2: Foul Ball, location: 2F 1-2: Ball 2-2: Ground out 6-3 (Groundball, 6, EV 78.8 MPH)
|
| Top of the 2nd over - 1 run, 1 hit, 1 error, 1 left on base; Columbus 2 - Columbus 0 |
| BOTTOM OF THE 2ND |
|
Columbus Clippers batting - Pitching for Columbus Jets : RHP Moose Haas
|
|
Batting: LHB Jordan Medrano
|
0-0: Ball 1-0: Fly out, F8 (Flyball, 89XD, EV 98.8 MPH)
|
|
Batting: RHB Donell Nixon
|
0-0: Ground out 3-1 (Groundball, 34S, EV 88.8 MPH)
|
|
Batting: RHB Tracy Anderson
|
0-0: Called Strike 0-1: Foul Ball, location: 2F 0-2: Ball 1-2: Ball 2-2: SINGLE (Groundball, 6MD, EV 110.0 MPH)
|
|
Batting: LHB Gene Gentile
|
0-0: Called Strike 0-1: Reached on error, E4 (Groundball, 4, EV 90.6 MPH) Tracy Anderson to second
|
|
Batting: RHB Randy Gomez
|
0-0: Ball 1-0: Foul Ball, location: 2F 1-1: Ground out 2-3 (Groundball, 13S, EV 70.0 MPH)
|
| Bottom of the 2nd over - 0 runs, 1 hit, 1 error, 2 left on base; Columbus 2 - Columbus 0 |
| TOP OF THE 3RD |
|
Columbus Jets batting - Pitching for Columbus Clippers : LHP Brooks Carey
|
|
Pitching: RHP Silvio Martinez
|
|
|
Batting: LHB Craig Brooks
|
0-0: Ground out 4-3 (Groundball, 4, EV 85.6 MPH)
|
|
Batting: RHB Greg Schultz
|
0-0: Ball 1-0: SINGLE (Line Drive, 7LS, EV 101.9 MPH)
|
|
Batting: RHB Danny Tartabull
|
0-0: Ball 1-0: Foul Ball, location: 2F 1-1: Called Strike 1-2: Strikes out swinging
|
|
Batting: LHB Larry Sheets
|
0-0: Ball 1-0: Ball 2-0: Called Strike 2-1: Fly out, F9 (Flyball, 9D, EV 87.5 MPH)
|
| Top of the 3rd over - 0 runs, 1 hit, 0 errors, 1 left on base; Columbus 2 - Columbus 0 |
| BOTTOM OF THE 3RD |
|
Columbus Clippers batting - Pitching for Columbus Jets : RHP Moose Haas
|
|
Batting: RHB Alex Rodriguez
|
0-0: Ball 1-0: Foul Ball, location: 2F 1-1: Foul Ball, location: 2F 1-2: Fly out, F8 (Line Drive, 8RD, EV 92.5 MPH)
|
|
Batting: SHB Curt Wilkerson
|
0-0: Bunt for hit to 13S - play at first, batter OUT! 1-3
|
|
Batting: LHB Elijah Bonaparte
|
0-0: Ball 1-0: Called Strike 1-1: Called Strike 1-2: Ball 2-2: SINGLE (Groundball, 34S, EV 69.4 MPH) (infield hit)
|
|
Batting: LHB Barry Butera
|
0-0: Ball Elijah Bonaparte is caught stealing 2nd base 2-6
|
| Bottom of the 3rd over - 0 runs, 1 hit, 0 errors, 0 left on base; Columbus 2 - Columbus 0 |
| TOP OF THE 4TH |
|
Columbus Jets batting - Pitching for Columbus Clippers : RHP Silvio Martinez
|
|
Batting: RHB Jim Maler
|
0-0: Foul Ball, location: 2F 0-1: Fly out, F4 (Flyball, 34D, EV 83.1 MPH)
|
|
Batting: RHB Michael Ventress
|
0-0: Ball 1-0: Ball 2-0: Ball 3-0: Called Strike 3-1: Base on Balls
|
|
Batting: RHB Jorge Martinez
|
0-0: Grounds into double play, 4-6-3 (Groundball, 4, EV 90.0 MPH)
|
| Top of the 4th over - 0 runs, 0 hits, 0 errors, 0 left on base; Columbus 2 - Columbus 0 |
| BOTTOM OF THE 4TH |
|
Columbus Clippers batting - Pitching for Columbus Jets : RHP Moose Haas
|
|
Batting: LHB Barry Butera
|
0-0: Called Strike 0-1: Called Strike 0-2: SINGLE (Flyball, 5D, EV 94.4 MPH)
|
|
Batting: LHB Jordan Medrano
|
0-0: Ball 1-0: Called Strike 1-1: Swinging Strike 1-2: Fly out, F9 (Flyball, 9S, EV 81.9 MPH)
|
|
Batting: RHB Donell Nixon
|
0-0: Called Strike 0-1: Foul Ball, location: 2F 0-2: Strikes out looking
|
|
Batting: RHB Tracy Anderson
|
0-0: Called Strike 0-1: Ground out 5-3 (Groundball, 5S, EV 57.5 MPH)
|
| Bottom of the 4th over - 0 runs, 1 hit, 0 errors, 1 left on base; Columbus 2 - Columbus 0 |
| TOP OF THE 5TH |
|
Columbus Jets batting - Pitching for Columbus Clippers : RHP Silvio Martinez
|
|
Batting: RHB Dave Bialas
|
0-0: Ball 1-0: Ball 2-0: Called Strike 2-1: Ground out 5-3 (Groundball, 5L, EV 86.3 MPH)
|
|
Batting: RHB Jackie Gutierrez
|
0-0: Called Strike 0-1: Ball 1-1: Foul Ball, location: 2F 1-2: Ball 2-2: Ground out 6-3 (Groundball, 6, EV 101.3 MPH)
|
|
Batting: LHB Craig Brooks
|
0-0: Ball 1-0: Ball 2-0: Ball 3-0: Base on Balls
|
|
Batting: RHB Greg Schultz
|
0-0: Called Strike 0-1: Swinging Strike 0-2: Ball 1-2: Strikes out swinging
|
| Top of the 5th over - 0 runs, 0 hits, 0 errors, 1 left on base; Columbus 2 - Columbus 0 |
| BOTTOM OF THE 5TH |
|
Columbus Clippers batting - Pitching for Columbus Jets : RHP Moose Haas
|
|
Batting: LHB Gene Gentile
|
0-0: Fly out, F8 (Flyball, 8RD, EV 88.8 MPH)
|
|
Batting: RHB Randy Gomez
|
0-0: Ball 1-0: Ball 2-0: Ball 3-0: Called Strike 3-1: Called Strike 3-2: Foul Ball, location: 2F 3-2: Base on Balls
|
|
Batting: RHB Alex Rodriguez
|
0-0: Ball 1-0: Called Strike 1-1: Ball 2-1: Fielders Choice at 2nd, 6-4 (Groundball, 6, EV 80.0 MPH)
|
|
Batting: SHB Curt Wilkerson
|
0-0: Called Strike 0-1: Ball 1-1: SINGLE (Line Drive, 34D, EV 105.6 MPH) Alex Rodriguez to second Runner from 2nd tries for 3rd, SAFE, throw by RF made to third
|
|
Batting: LHB Elijah Bonaparte
|
0-0: Swinging Strike 0-1: Foul Ball, location: 2F 0-2: Ball 1-2: Ball 2-2: Ball 3-2: Strikes out swinging
|
| Bottom of the 5th over - 0 runs, 1 hit, 0 errors, 2 left on base; Columbus 2 - Columbus 0 |
| TOP OF THE 6TH |
|
Columbus Jets batting - Pitching for Columbus Clippers : RHP Silvio Martinez
|
|
Batting: RHB Danny Tartabull
|
0-0: Ball 1-0: Foul Ball, location: 2F 1-1: Called Strike 1-2: Foul Ball, location: 2F 1-2: Foul Ball, location: 2F 1-2: Strikes out swinging
|
|
Batting: LHB Larry Sheets
|
0-0: Ball 1-0: Ball 2-0: Fly out, F5 (Popup, 25F, EV 86.3 MPH)
|
|
Batting: RHB Jim Maler
|
0-0: Foul Ball, location: 2F 0-1: Swinging Strike 0-2: SINGLE (Flyball, 9LS, EV 91.3 MPH)
|
|
Batting: RHB Michael Ventress
|
0-0: SINGLE (Groundball, 4MD, EV 108.8 MPH) Jim Maler to second Runner from 2nd tries for 3rd, SAFE, throw by CF made to third
|
|
Batting: RHB Jorge Martinez
|
0-0: Called Strike 0-1: Ball 1-1: Reached via error on a dropped throw from 3B, E3 (Groundball, 5S, EV 70.6 MPH) Jim Maler scores Michael Ventress to second
|
|
Batting: RHB Dave Bialas
|
0-0: Ball 1-0: Called Strike 1-1: Called Strike 1-2: Ball 2-2: Strikes out swinging
|
| Top of the 6th over - 1 run, 2 hits, 1 error, 2 left on base; Columbus 3 - Columbus 0 |
| BOTTOM OF THE 6TH |
|
Columbus Clippers batting - Pitching for Columbus Jets : RHP Moose Haas
|
|
Batting: LHB Barry Butera
|
0-0: Foul Ball, location: 2F 0-1: Ball 1-1: Swinging Strike 1-2: Ball 2-2: Ball 3-2: Base on Balls
|
|
Batting: LHB Jordan Medrano
|
0-0: Ball Wild Pitch! Barry Butera to second 1-0: Called Strike 1-1: Foul Ball, location: 2F 1-2: Ball 2-2: Ground out U3 (Groundball, 34, EV 86.9 MPH) Barry Butera to third
|
|
Batting: RHB Donell Nixon
|
0-0: Ball 1-0: Ball 2-0: Ball 3-0: Called Strike 3-1: Fly out, F8 (Flyball, 8LM, EV 91.3 MPH)
|
|
Batting: RHB Tracy Anderson
|
0-0: Ball 1-0: Foul Ball, location: 2F 1-1: Foul Ball, location: 2F 1-2: Strikes out looking
|
| Bottom of the 6th over - 0 runs, 0 hits, 0 errors, 1 left on base; Columbus 3 - Columbus 0 |
| TOP OF THE 7TH |
|
Columbus Jets batting - Pitching for Columbus Clippers : RHP Silvio Martinez
|
|
Batting: RHB Jackie Gutierrez
|
0-0: Ball 1-0: Foul Ball, location: 2F 1-1: Called Strike 1-2: Strikes out looking
|
|
Batting: LHB Craig Brooks
|
0-0: Swinging Strike 0-1: Ball 1-1: Ball 2-1: SINGLE (Line Drive, 7LS, EV 106.9 MPH)
|
|
Pitching: LHP Ron Leach
|
|
|
Batting: RHB Greg Schultz
|
0-0: Reached via error on a dropped throw from 1B, E1 (Groundball, 34, EV 85.0 MPH) Craig Brooks to second
|
|
Batting: RHB Danny Tartabull
|
0-0: Ball 1-0: Swinging Strike 1-1: Ball Craig Brooks steals 3rd base (no throw) Greg Schultz to second 2-1: Intentional Walk
|
|
Batting: LHB Larry Sheets
|
0-0: Ball 1-0: SINGLE (Groundball, 3L, EV 89.4 MPH) (infield hit) Craig Brooks scores Greg Schultz to third Danny Tartabull to second
|
|
Batting: RHB Jim Maler
|
0-0: Called Strike 0-1: Ball 1-1: Foul Ball, location: 2F 1-2: Fly out, F3 (Line Drive, 3, EV 71.9 MPH) Lined into DP, U3 (Line Drive, 3, EV 75.0 MPH)
|
| Top of the 7th over - 1 run, 2 hits, 1 error, 2 left on base; Columbus 4 - Columbus 0 |
| BOTTOM OF THE 7TH |
|
Columbus Clippers batting - Pitching for Columbus Jets : RHP Moose Haas
|
|
Batting: LHB Gene Gentile
|
0-0: Swinging Strike 0-1: Ball 1-1: Ball 2-1: Ground out 4-3 (Groundball, 4, EV 85.6 MPH)
|
|
Batting: RHB Randy Gomez
|
0-0: Foul Ball, location: 2F 0-1: Ball 1-1: Ball 2-1: Ball 3-1: Foul Ball, location: 2F 3-2: Foul Ball, location: 2F 3-2: Fly out, F9 (Line Drive, 9, EV 90.6 MPH)
|
|
Batting: RHB Alex Rodriguez
|
0-0: Ball 1-0: SINGLE (Groundball, 6MD, EV 106.3 MPH)
|
|
Batting: SHB Curt Wilkerson
|
0-0: Ball 1-0: Fly out, F7 (Flyball, 7LM, EV 91.3 MPH)
|
| Bottom of the 7th over - 0 runs, 1 hit, 0 errors, 1 left on base; Columbus 4 - Columbus 0 |
| TOP OF THE 8TH |
|
Columbus Jets batting - Pitching for Columbus Clippers : LHP Ron Leach
|
|
Batting: RHB Michael Ventress
|
0-0: Ball 1-0: Swinging Strike 1-1: Ball 2-1: Foul Ball, location: 2F 2-2: Ground out 4-3 (Groundball, 4, EV 85.6 MPH)
|
|
Batting: RHB Jorge Martinez
|
0-0: Called Strike 0-1: SINGLE (Line Drive, 78S, EV 91.9 MPH)
|
|
Batting: RHB Dave Bialas
|
0-0: Foul Ball, location: 2F 0-1: Swinging Strike 0-2: DOUBLE (Line Drive, 78D, EV 103.1 MPH) Jorge Martinez to third
|
|
Batting: RHB Jackie Gutierrez
|
0-0: Called Strike 0-1: Foul Ball, location: 2F 0-2: Strikes out looking
|
|
Batting: LHB Craig Brooks
|
0-0: Ball 1-0: Called Strike 1-1: Ball 2-1: Foul Ball, location: 2F 2-2: Ball 3-2: Strikes out swinging
|
| Top of the 8th over - 0 runs, 2 hits, 0 errors, 2 left on base; Columbus 4 - Columbus 0 |
| BOTTOM OF THE 8TH |
|
Columbus Clippers batting - Pitching for Columbus Jets : RHP Moose Haas
|
|
Batting: LHB Elijah Bonaparte
|
0-0: Ground out 4-3 (Groundball, 4M, EV 81.9 MPH)
|
|
Batting: LHB Barry Butera
|
0-0: Ball 1-0: SINGLE (Groundball, P, EV 84.4 MPH) (infield hit)
|
|
Batting: LHB Jordan Medrano
|
0-0: Called Strike 0-1: DOUBLE (Groundball, 5L, EV 103.8 MPH) Barry Butera to third Runner from 3rd tries for Home, SAFE, throw by LF to trailing runner, OUT at third! 7-6-5
|
|
Batting: RHB Donell Nixon
|
0-0: Ball 1-0: Called Strike 1-1: Ball 2-1: Swinging Strike 2-2: Ball 3-2: Ground out 6-3 (Groundball, 6, EV 93.1 MPH)
|
| Bottom of the 8th over - 1 run, 2 hits, 0 errors, 0 left on base; Columbus 4 - Columbus 1 |
| TOP OF THE 9TH |
|
Columbus Jets batting - Pitching for Columbus Clippers : LHP Ron Leach
|
|
Batting: RHB Greg Schultz
|
0-0: Ball 1-0: Ball 2-0: Foul Ball, location: 2F 2-1: Swinging Strike 2-2: Strikes out swinging
|
|
Batting: RHB Danny Tartabull
|
0-0: Ball 1-0: Ball 2-0: Ground out 5-3 (Groundball, 56S, EV 77.5 MPH)
|
|
Batting: LHB Larry Sheets
|
0-0: Swinging Strike 0-1: Ball 1-1: Foul Ball, location: 2F 1-2: Strikes out swinging
|
| Top of the 9th over - 0 runs, 0 hits, 0 errors, 0 left on base; Columbus 4 - Columbus 1 |
| BOTTOM OF THE 9TH |
|
Columbus Clippers batting - Pitching for Columbus Jets : RHP Moose Haas
|
|
Pitching: RHP Owen Foley
|
|
|
Now at C: Ray Smith
|
|
|
Now at 2B: Enrique Collado
|
|
|
Now at 3B: Paul Gbur
|
|
|
Batting: RHB Tracy Anderson
|
0-0: Ball 1-0: Ball 2-0: Ball 3-0: Called Strike 3-1: Base on Balls
|
|
Batting: LHB Gene Gentile
|
0-0: Called Strike 0-1: Ball 1-1: Called Strike 1-2: Ball 2-2: Fielders Choice at 2nd, 3-6 (Groundball, 3, EV 105.6 MPH)
|
|
Batting: RHB Randy Gomez
|
0-0: Ball 1-0: Swinging Strike 1-1: Reached on error, E6 (Groundball, 6, EV 97.5 MPH) Gene Gentile to second
|
|
Pinch Hitting: RHB Rod Allen
|
0-0: TRIPLE (Flyball, 9D, EV 92.5 MPH) Gene Gentile scores Randy Gomez scores
|
|
Batting: SHB Curt Wilkerson
|
0-0: Bunted foul Squeeze bunt is on, Rod Allen is out 0-2: Fly out, F7 (Flyball, 7, EV 94.4 MPH)
|
| Bottom of the 9th over - 2 runs, 1 hit, 1 error, 0 left on base; Columbus 4 - Columbus 3 |
|